 Dungeon Crawl Stone Soup version 0.16-a0-3667-g690a316 (webtiles) character file.

30 funktuous the Ruffian (level 3, 27/27 HPs)
             Began as a Bearkin Transmuter on June 5, 2015.
             Quit the game on level 2 of the Dungeon on Sept 5, 2015.
             The game lasted 00:02:45 (1261 turns).

funktuous the Ruffian (Bearkin Transmuter)          Turns: 1261, Time: 00:02:46

Health: 27/27      AC:  3    Str: 13    XL:     3   Next: 5%
Magic:  5/6        EV: 12    Int: 12    God:
Gold:   63         SH:  0    Dex: 12    Spells: 2 memorised, 2 levels left

rFire  . . .     SeeInvis .       - Unarmed
rCold  . . .     Clarity  .     c - +0 robe
rNeg   . . .     SustAb   .     (no shield)
rPois  .         Gourm    .     (helmet restricted)
rElec  .         Spirit   .     (no cloak)
rCorr  .         Warding  .     (no gloves)
rMut   .         Stasis   .     (no boots)
MR     .....                    (no amulet)
Stlth  +.........               (no ring)
                                (no ring)

@: appendage (expiring), not resistant to hostile enchantments, very unstealthy
A: claws 1, horns 2, shaggy fur 1, hind claws 1, cornered berserk
a: End Transformation


You were on level 2 of the Dungeon.
You were not hungry.
You had grown temporary horns.
You visited 1 branch of the dungeon, and saw 2 of its levels.

You collected 63 gold pieces.

Inventory:

Missiles
 b - 12 arrows
Armour
 c - a +0 robe (worn)
Jewellery
 f - a +2 ring of dexterity {unknown}
Scrolls
 k - a scroll of immolation {unknown}
 m - a scroll of teleportation {unknown}
 n - a scroll of magic mapping {unknown}
 q - a scroll of remove curse {unknown}
Potions
 e - a potion of curing {unknown}
 i - a potion of heal wounds {unknown}
 j - 2 potions of restore abilities {unknown}
 l - 2 potions of might {unknown}
Books
 d - a book of Changes

   Spells                             Type                      Level
   a - Beastly Appendage              Transmutation                1
   b - Sticks to Snakes               Transmutation                2
   c - Spider Form                    Transmutation/Poison         3
   d - Ice Form                       Ice/Transmutation            4
   e - Blade Hands                    Transmutation                5
Comestibles
 a - 2 bread rations
 g - a slice of pizza
 h - a meat ration
 o - 2 chunks of flesh
 p - 2 fruits


   Skills:
 + Level 2.0 Fighting
 + Level 2.0 Dodging
 + Level 3.3 Unarmed Combat
 - Level 2.0 Spellcasting
 - Level 2.0 Transmutations


You had 2 spell levels left.
You knew the following spells:

 Your Spells              Type           Power        Failure   Level  Hunger
a - Beastly Appendage     Trmt           #.....       12%         1    ##.....
b - Spider Form           Trmt/Pois      #.........   56%         3    ####...


Dungeon Overview and Level Annotations

Branches:
Dungeon (2/15)

Altars:


Innate Abilities, Weirdness & Mutations

You have sharp fingernails.
You are covered in fur (AC +1).
Your hind legs have claws.
You can berserk when greatly wounded.
You have a pair of horns on your head.


Message History

Your transformation is almost over.
You continue memorising.
You finish memorising.
Spell assigned to 'b'.
Magic restored.
A giant cockroach comes into view.
The giant cockroach moves out of view.
The giant cockroach is too close now for your liking.
A giant cockroach is nearby!
A giant cockroach is nearby!
A giant cockroach is nearby!
A giant cockroach is nearby!
Your talons disappear.
No target in view!
Casting: Beastly Appendage
Confirm with . or Enter, or press ? or * to list all spells.
You grow a pair of large bovine horns.
No target in view!
No target in view!
Your transformation is almost over.
Are you sure you want to abandon this character and quit the game? (Confirm with "yes".)

#.#.# #.........#
#.#.######...######
#............#..... #
###.#####....#.####
#.#...........>#.#
#.#.#...#......#.#
...#s..#......#.####
#.####.#...#......#)....
#......@...#.).#...#####
######.#.#.#...#.#.#
#.#.#.#.....#.#
#.#...#...#.#.#
#.....#.#.#.#.#
###.........#.#.#
#...###.#<###.#.#
#......(#.....#.##
#.......#.....#..#


You could see a giant cockroach.

Vanquished Creatures
  2 worms (D:2)
  3 hobgoblins
  A bat (D:2)
  4 giant cockroaches
  6 goblins
  A quokka (D:2)
  2 rats
19 creatures vanquished.

Notes
Turn   | Place    | Note
--------------------------------------------------------------
     0 | D:1      | funktuous, the Bearkin Transmuter, began the quest for the Orb.
     0 | D:1      | Reached XP level 1. HP: 15/15 MP: 3/3
   333 | D:1      | You fall through a shaft!
   346 | D:2      | Reached XP level 2. HP: 4/21 MP: 2/4
   348 | D:2      | HP: 1/21 [hobgoblin/club (3)]
  1138 | D:2      | Reached XP level 3. HP: 18/27 MP: 4/6
  1248 | D:2      | Learned a level 3 spell: Spider Form
  1261 | D:2      | Quit the game

Action                   || total
-------------------------++-------
Melee: Unarmed           ||    63
 Cast: Beastly Appendage ||    10
  Eat: Chunk             ||     1
